 Dungeon Crawl Stone Soup version 0.28.0-45-g0d030f2227 (webtiles) character file.

Game seed: 17315121480137284960

1042 Pemander the Firebug (level 8, -4/45 HPs)
             Began as a Deep Elf Fire Elementalist on Apr 7, 2022.
             Was a Follower of Sif Muna.
             Slain by a vampire (11 damage)
             ... on level 5 of the Dungeon.
             The game lasted 00:08:31 (6426 turns).

Pemander the Firebug (Deep Elf Fire Elementalist)   Turns: 6426, Time: 00:08:32

Health: -4/45      AC:  3    Str:  5    XL:     8   Next: 4%
Magic:  8/14       EV: 18    Int: 29    God:    Sif Muna [*.....]
Gold:   193        SH:  0    Dex: 15    Spells: 7/13 levels left

rFire   . . .      SeeInvis .   n - +5 falchion of the New World {vorpal, rC- Int+6}
rCold   . . .      Faith    .   (no shield)
rNeg    . . .      Spirit   .   a - +0 robe
rPois   .          Reflect  .   j - +0 helmet
rElec   .          Harm     .   (no cloak)
rCorr   .          Rampage  .   (no gloves)
Will    .....                   (no boots)
Stlth   ++........              (no amulet)
HPRegen 0.15/turn               r - +4 ring of evasion
MPRegen 0.14/turn               x - ring of protection from cold

@: no status effects
A: no striking features
a: Renounce Religion, Channel Magic


You were on level 5 of the Dungeon.
You worshipped Sif Muna.
Sif Muna was aware of your devotion.
You visited 2 branches of the dungeon, and saw 6 of its levels.

You collected 193 gold pieces.

Inventory:

Hand Weapons
 b - a +2 dagger of electrocution
 n - the +5 falchion of the New World (weapon) {vorpal, rC- Int+6}
   (You found it on level 4 of the Dungeon)

   It inflicts extra damage upon your enemies.
   Int:       It affects your intelligence (+6).
   rC:        It makes you vulnerable to cold.
Missiles
 q - 2 throwing nets
Armour
 a - a +0 robe (worn)
 j - a +0 helmet (worn)
Jewellery
 r - a +4 ring of evasion (left hand)
 x - a ring of protection from cold (right hand)
Wands
 s - a wand of charming (18)
 u - a wand of acid (8)
Scrolls
 d - 2 scrolls of vulnerability
 e - 3 scrolls of magic mapping
 f - a scroll of torment {unknown}
 g - 2 scrolls of identify
 h - a scroll of amnesia {unknown}
 i - 2 scrolls of blinking {unknown}
 v - a scroll of holy word {unknown}
 w - a scroll of immolation {unknown}
 y - a scroll of fog {unknown}
Potions
 c - a potion of curing
 k - a potion of heal wounds
 l - a potion of invisibility {unknown}
 m - 2 potions of mutation {unknown}
 o - a potion of lignification {unknown}
 p - a potion of degeneration {unknown}
 t - a potion of attraction {unknown}


   Skills:
 + Level 2.8 Fighting
 + Level 5.1 Dodging
 - Level 2.4 Stealth
 - Level 3.0 Spellcasting
 - Level 5.9 Conjurations
 - Level 6.8 Fire Magic


You had 7 spell levels left.
You knew the following spells:

 Your Spells              Type           Power      Damage    Failure   Level
a - Foxfire               Conj/Fire      100%       2x1d9     1%          1
b - Scorch                Fire           86%        2d9       1%          2
c - Conjure Flame         Conj/Fire      41%        6-21      1%          3

Your spell library contained the following spells:

 Spells                   Type           Power      Damage    Failure   Level
 Flame Wave               Conj/Fire      41%        2d9       5%          4
 Inner Flame              Hex/Fire       24%        N/A       6%          3
 Sublimation of Blood     Necr           4%         N/A       12%         2
 Wereblood                Tmut           4%         N/A       12%         2
 Summon Hydra             Summ           2%         N/A       100%        7


Dungeon Overview and Level Annotations

Branches:
Dungeon (5/15)             Temple (1/1) D:4

Altars:
Ashenzari
Cheibriados
Dithmenos
Gozag
Kikubaaqudgha
Makhleb
Qazlal
Ru
Sif Muna
Vehumet
Xom
Yredelemnul
The Shining One


Message History

The foxfire hits something.
You conjure some foxfire!
The foxfire hits something but does no damage. x2
You conjure some foxfire!
The foxfire hits something.
The foxfire hits something but does no damage.
You conjure some foxfire!
The foxfire hits something.
You conjure some foxfire!
The foxfire hits something.
The foxfire hits something but does no damage. x2
You conjure some foxfire!
The foxfire hits something.
Something hits you. Something closely misses you.
You conjure some foxfire!
The foxfire hits something.
The foxfire hits something but does no damage. x2
Something hits you. Something barely misses you.
The foxfire hits something but does no damage. x2
You hear some strange, mumbled words.
You are confused.
You hear some strange, mumbled words.
You are more confused.
You hear some strange, mumbled words.
Something tries to affect you, but you resist.
You hear some strange, mumbled words.
Something tries to affect you, but you resist.
You bump into the rock wall.
Something completely misses you. Something bites you.
Something draws strength from your injuries!
You bump into the rock wall.
Something hits you! Something barely misses you.
You bump into the rock wall.
Something hits you. Something bites you.
Something draws strength from your injuries!
Something hits you. Something bites you!
* * * LOW HITPOINT WARNING * * *
Something draws strength from your injuries!
You feel better. Something hits you. Something bites you but does no damage.
Something barely misses you. Something bites you!
* * * LOW HITPOINT WARNING * * *
Something draws strength from your injuries!
There is an escape hatch in the ceiling here.
Something hits you.
* * * LOW HITPOINT WARNING * * *
Something bites you!
You die...

#.....############...._.....#†
#...................#...#.....
#.....)...########.###.###....
#.........# #...#..#...#....#
#....#....# #.............#..
#....#...÷####.......###..##..
#...>+.......................)
#....#...........###########Z#
#....####....@...# ###.#
#..,,* #........#########....
*,,,,* ###.............##..n.
****** #....#........##....
#....#........####.#
#....#........####.#
#....#.............#
##################.#
*,,,,.......#.#


There were no monsters in sight!

Vanquished Creatures
  Grinder (D:3)
  A sky beast (D:5)
  A necrophage (D:5)
  2 ogres
  A wyvern skeleton (D:5)
  A jelly (D:5)
  A hound (D:4)
  2 iguanas (D:5)
  2 orc wizards
  A hound zombie (D:5)
  Robin (D:3)
  A howler monkey zombie (D:5)
  12 gnolls
  3 adders
  An adder zombie (D:5)
  3 dart slugs
  15 orcs
  7 bats
  6 endoplasms
  2 giant cockroaches
  14 goblins
  5 hobgoblins
  2 jackals (D:1)
  3 quokkas (D:2)
  2 ball pythons
  4 frilled lizards
  5 kobolds
  4 rats
103 creatures vanquished.

Vanquished Creatures (others)
  450 foxfires
450 creatures vanquished.

Grand Total: 553 creatures vanquished

Notes
Turn   | Place    | Note
-------+----------+-------------------------------------------
     0 | D:1      | Pemander the Deep Elf Fire Elementalist began the quest for
                  | the Orb.
     0 | D:1      | Reached XP level 1. HP: 10/10 MP: 6/6
   356 | D:1      | Reached XP level 2. HP: 15/15 MP: 0/8
  1359 | D:2      | Reached skill level 4 in Fire Magic
  1452 | D:2      | Found a snail-covered altar of Cheibriados.
  1480 | D:2      | Found a faded altar of an unknown god.
  1487 | D:2      | Reached XP level 3. HP: 19/19 MP: 5/9
  2135 | D:2      | Reached XP level 4. HP: 24/24 MP: 0/10
  2426 | D:3      | Noticed Robin
  2602 | D:3      | Noticed Grinder
  2615 | D:3      | Killed Grinder
  2616 | D:3      | Reached skill level 5 in Fire Magic
  2616 | D:3      | Reached XP level 5. HP: 13/28 MP: 0/11
  2616 | D:3      | Reached XP level 6. HP: 14/32 MP: 0/12
  2791 | D:3      | Learned a level 2 spell: Scorch
  2795 | D:3      | Learned a level 3 spell: Conjure Flame
  2802 | D:3      | Killed Robin
  2832 | D:3      | Reached skill level 5 in Conjurations
  2832 | D:3      | Reached skill level 6 in Fire Magic
  3349 | D:3      | Found a burning altar of Makhleb.
  3589 | D:3      | Found a glowing golden altar of the Shining One.
  3910 | D:4      | Identified the +5 falchion of the New World {vorpal, rC-
                  | Int+6}
  4129 | D:4      | Found a staircase to the Ecumenical Temple.
  4145 | Temple   | Entered the Ecumenical Temple
  4372 | Temple   | Became a worshipper of Sif Muna the Loreminder
  4468 | D:4      | Reached XP level 7. HP: 36/36 MP: 5/13
  5164 | D:5      | Entered Level 5 of the Dungeon
  5855 | D:5      | Found a radiant altar of Vehumet.
  5876 | D:5      | Reached skill level 1 in Fighting
  6342 | D:5      | Reached * piety under Sif Muna
  6343 | D:5      | Reached skill level 5 in Dodging
  6343 | D:5      | Reached XP level 8. HP: 45/45 MP: 5/14
  6426 | D:5      | Slain by a vampire

Illustrated notes

Levels and vault maps discovered:
D:1:      eino_arrival_cavern_e, layout_basic, minmay_tetromino_l2
D:2:      layout_loops_ring, basic_altar,
          hellmonk_ecumenical_altar_leap_of_faith
D:3:      layout_basic, lightli_temple_of_fire, nicolae_tso_carved_into_rock,
          grunt_decor_clamped, kennysheep_minor_cross,
          chequers_serial_rivers_small_3, grunt_decor_arrowhead, uniq_robin,
          uniq_grinder
D:4:      layout_gridville, minmay_temple_entry_junction_2,
          nicolae_ossuary_entry_monument
D:5:      minmay_recursive_quarters, layout_basic, vehumet_crystals, minitemple,
          roderic_lattice_a, kennysheep_small_spiral
Temple:   eino_wide_crystal_templ

Skill      XL: |  1  2  3  4  5  6  7 |
---------------+----------------------+-----
Conjurations   | 2 3 4 5 |  5.9
Fire Magic     | 4 5 6 |  6.8
Dodging        | 5 |  5.1
Fighting       | 2 |  2.8
Stealth        | |  2.4
Spellcasting   | |  3.0

Action                   |  1- 3 |  4- 6 |  7- 9 || total
-------------------------+-------+-------+-------++-------
Melee: Dagger            |     4 |     4 |       ||     8
       Falchion          |       |     1 |     2 ||     3
 Cast: Foxfire           |    96 |   114 |    71 ||   281
       Scorch            |       |     2 |    13 ||    15
       Conjure Flame     |       |       |     1 ||     1
  Use: Scroll            |       |       |     3 ||     3
       Potion            |       |       |     1 ||     1
Armor: Robe              |     1 |     1 |     3 ||     5
Dodge: Dodged            |     1 |     6 |    32 ||    39
